 Dungeon Crawl Stone Soup version 0.27-a0-1149-g4505690ab0 (webtiles) character file.

Game seed: 9796884315812577342

211253 wakim the Tortoise (level 18, -4/160 HPs)
             Began as a Minotaur Fighter on May 13, 2021.
             Was the Champion of the Shining One.
             Slain by a water elemental (9 damage)
             ... while paralysed
             ... on level 1 of the Shoals.
             The game lasted 01:49:22 (53201 turns).

wakim the Tortoise (Minotaur Fighter)              Turns: 53201, Time: 01:49:23

Health: -4/160     AC: 26    Str: 28    XL:     18   Next: 21%
Magic:  25/25      EV:  2    Int:  5    God:    the Shining One [******]
Gold:   684        SH:  0    Dex: 11    Spells: 17/17 levels left

rFire    + + .     SeeInvis .   a - +3 eveningstar (protect)
rCold    + . .     Faith    +   e - +2 tower shield
rNeg     + + +     Spirit   .   o - +1 plate armour {rF+}
rPois    +         Reflect  .   d - +1 hat
rElec    .         Harm     .   f - +0 cloak
rCorr    +         Rampage  .   g - +0 pair of gloves of Indomitability {rCorr}
Will     +....                  q - +1 pair of boots {Fly}
Stlth    ..........             P - amulet "Roicavy" {Faith rF+}
HPRegen  0.36/turn              j - ring of poison resistance
MPRegen  0.19/turn              l - ring of the Empty Page {rC+ EV+4}

@: paralysed, spiked, on berserk cooldown, flying, slowed, glowing
A: horns 2, retaliatory headbutt
}: 1/15 runes: serpentine
a: Renounce Religion, Divine Shield, Cleansing Flame, Summon Divine Warrior,
Brand Weapon With Holy Wrath


You were on level 1 of the Shoals.
You worshipped the Shining One.
The Shining One was exalted by your worship.
You visited 6 branches of the dungeon, and saw 29 of its levels.
You also visited: Volcano.

You collected 2923 gold pieces.
You spent 2239 gold pieces at shops.

Inventory:

Hand Weapons
 a - a +3 eveningstar of protection (weapon)
 b - a +2 whip of electrocution
Missiles
 c - 16 silver javelins
 k - 34 boomerangs (quivered)
 s - 23 javelins
 w - 6 atropa-tipped darts
 I - 48 poisoned darts
 L - 3 curare-tipped darts {=f}
 M - 3 throwing nets {=f!f}
Armour
 d - a +1 hat (worn)
 e - a +2 tower shield (worn)
 f - a +0 cloak (worn)
 g - the +0 pair of gloves of Indomitability (worn) {rCorr}
   (You bought it in a shop on level 6 of the Dungeon)

   It protects you from acid and corrosion.
 n - a +2 pair of gloves of archery
 o - a +1 plate armour of fire resistance (worn)
 q - a +1 pair of boots of flying (worn)
Jewellery
 h - a ring of the Octopus King {rF+ AC+1 EV+1 Str+1 Int+1 Dex+1}
   (You acquired it on level 1 of the Orcish Mines)

   [ring of protection from fire]

   It affects your AC (+1).
   It affects your evasion (+1).
   It affects your strength (+1).
   It affects your intelligence (+1).
   It affects your dexterity (+1).
   It protects you from fire.
 j - a ring of poison resistance (left hand)
 l - the ring of the Empty Page (right hand) {rC+ EV+4}
   (You acquired it on level 2 of the Orcish Mines)

   [ring of evasion]

   It affects your evasion (+4).
   It protects you from cold.
 z - a ring of flight
 G - a ring of protection from fire
 P - the amulet "Roicavy" (around neck) {Faith rF+}
   (You found it in a volcano)

   [amulet of faith]

   It allows you to gain divine favour quickly.
   It protects you from fire.
 Y - an amulet of reflection
Wands
 t - a wand of digging (18)
Scrolls
 p - 11 scrolls of enchant armour
 r - 5 scrolls of identify
 Q - 2 scrolls of immolation {!r!r}
 R - 6 scrolls of magic mapping {!r}
 S - 3 scrolls of summoning
 T - 5 scrolls of teleportation
 W - 2 scrolls of holy word
Potions
 i - a potion of invisibility {unknown}
 A - 2 potions of ambrosia
 B - 5 potions of attraction {!q}
 D - 3 potions of brilliance
 E - 2 potions of cancellation
 F - 10 potions of curing
 H - 6 potions of haste
 K - 4 potions of magic
 N - 5 potions of might
 O - 3 potions of resistance


   Skills:
 + Level 14.2 Fighting
 - Level 16.0 Maces & Flails
 + Level 11.6 Throwing
 + Level 17.3 Armour
 + Level 11.2 Dodging
 + Level 17.3 Shields
 + Level 11.9 Invocations


You had 17 spell levels left.
You didn't know any spells.
Your spell library contained the following spells:

 Spells                   Type           Power      Damage    Failure   Level
 Corona                   Hex            0%         N/A       100%        1
 Foxfire                  Conj/Fire      0%         2x1d4     100%        1
 Sandblast                Erth           0%         2d4       100%        1
 Summon Small Mammal      Summ           0%         N/A       100%        1
 Call Imp                 Summ           0%         N/A       100%        2
 Corpse Rot               Necr/Air       N/A        N/A       100%        2
 Passwall                 Tmut/Erth      0%         N/A       100%        2
 Slow                     Hex            0%         N/A       100%        2
 Sublimation of Blood     Necr           0%         N/A       100%        2
 Call Canine Familiar     Summ           0%         N/A       100%        3
 Confusing Touch          Hex            0%         N/A       100%        3
 Conjure Flame            Conj/Fire      0%         6-21      100%        3
 Gell's Gravitas          Tloc           0%         N/A       100%        3
 Ignite Poison            Fire/Tmut/Pois 0%         N/A       100%        3
 Inner Flame              Hex/Fire       0%         N/A       100%        3
 Portal Projectile        Hex/Tloc       0%         N/A       100%        3
 Stone Arrow              Conj/Erth      0%         3d7       100%        3
 Summon Guardian Golem    Hex/Summ       0%         N/A       100%        3
 Cause Fear               Hex            0%         N/A       100%        4
 Leda's Liquefaction      Hex/Erth       0%         N/A       100%        4
 Petrify                  Tmut/Erth      0%         N/A       100%        4
 Sticky Flame             Conj/Fire      0%         2d3       100%        4
 Summon Ice Beast         Ice/Summ       0%         N/A       100%        4
 Summon Lightning Spire   Summ/Air       0%         N/A       100%        4
 Alistair's Intoxication  Tmut/Pois      0%         N/A       100%        5
 Fireball                 Conj/Fire      0%         3d3       100%        5
 Hydra Form               Tmut           0%         N/A       100%        5
 Irradiate                Conj/Tmut      0%         3d14      100%        5
 Lee's Rapid Deconstruct  Erth           0%         3d5*      100%        5
 Metabolic Englaciation   Hex/Ice        0%         N/A       100%        5
 Summon Forest            Summ/Tloc      0%         N/A       100%        5
 Yara's Violent Unravell  Hex/Tmut       0%         3d3       100%        5
 Blade Hands              Tmut           0%         N/A       100%        6
 Eringya's Noxious Bog    Tmut/Pois      0%         N/A       100%        6
 Statue Form              Tmut/Erth      0%         N/A       100%        6
 Dragon Form              Tmut           0%         N/A       100%        7
 Summon Hydra             Summ           0%         N/A       100%        7


Dungeon Overview and Level Annotations

Branches:
Dungeon (15/15)            Temple (1/1) D:4            Lair (6/6) D:8
 Shoals (1/4) Lair:3        Snake (4/4) Lair:3        Slime (0/5) Lair:6
    Orc (2/2) D:12            Elf (0/3) Orc:2        Vaults (0/5) D:13
 Depths (0/5) D:15        Volcano (visited)

Altars:
Ashenzari
Cheibriados
Dithmenos
Elyvilon
Fedhas
Gozag
Hepliaklqana
Kikubaaqudgha
Makhleb
Nemelex Xobeh
Okawaru
Qazlal
Ru
Sif Muna
Trog
Uskayaw
Vehumet
Wu Jian
Xom
Yredelemnul
Zin
The Shining One
Beogh
Jiyva

Shops:
D:2 ?   D:6 [   D:13 ?   Orc:2 ?*?![   Snake:1 =   Snake:2 =

Annotations:
Lair:5 1 runed translucent door, Armakuni's ghost, journeyman HuWn
Snake:2 2 transporters
Orc:2 2 transporters, Buofuont's ghost, journeyman DsWn


Innate Abilities, Weirdness & Mutations

You have a pair of horns on your head.
You reflexively headbutt those who attack you in melee.


Message History

You puncture the merfolk!
The merfolk is heavily wounded.
You block the water elemental's attack. You block the merfolk's attack.
You block the alligator snapping turtle's attack.
You barely miss the merfolk.
The merfolk is heavily wounded.
You rip and tear the barbed spikes from your body.
You block the water elemental's attack. The water elemental hits you.
You block the manticore's attack.
The manticore claws you but does no damage.
The manticore claws you.
* * * LOW HITPOINT WARNING * * *
You bludgeon the merfolk!!
You kill the merfolk!
You hear a splash.
The wind drake exhales a fierce blast of wind!
You are blown backwards!
The water elementals and the manticore are blown away by the wind.
The wind drake flaps its wings at you. The air twists around and strikes you!!
* * * LOW HITPOINT WARNING * * *
You are too berserk!
Unknown command.
You feel a strong urge to attack something.
The manticore flicks its tail.
The volley of spikes hits you but does no damage.
The manticore flicks its tail.
The volley of spikes hits you but does no damage.
You feel your anger nearly subside.
You are no longer berserk.
You pass out from exhaustion.
You feel yourself slow down. The water elemental hits you.
* * * LOW HITPOINT WARNING * * *
The water elemental hits you.
The manticore flicks its tail.
The volley of spikes hits you.
The barbed spikes become lodged in your body.
* * * LOW HITPOINT WARNING * * *
The water elemental hits you!
You die...

.##..≈..≈≈..###..###.≈≈≈≈≈≈≈≈≈#
.##..≈≈....####..# ##.≈≈≈≈≈≈≈≈#
....≈≈≈≈≈...##...####.≈≈≈≈≈≈≈≈#
....)≈≈≈≈...>........≈≈≈≈≈≈≈≈≈#
##..≈≈≈≈≈..≈.≈≈≈..†≈≈..≈≈≈≈≈≈≈#
##.≈≈≈≈≈≈≈........≈...≈≈≈≈≈≈≈#
#.≈≈≈≈≈≈≈.....##...≈≈≈≈≈≈≈≈≈
##..≈≈≈≈.[......#...≈≈≈≈≈≈≈≈
##..≈≈≈≈.....≈≈E@...≈≈≈≈≈≈≈≈≈
......≈≈.≈≈≈≈≈t≈E≈≈.≈≈≈≈≈≈≈≈≈
≈.....≈≈≈≈≈≈≈≈≈≈≈≈..≈≈≈≈≈≈≈≈≈
≈≈...≈≈≈≈≈≈≈≈≈≈≈≈≈.....≈
≈.....≈≈≈≈≈kH≈≈≈≈..≈...≈
≈.##..≈≈≈)≈H≈≈≈≈≈≈.≈≈..≈
≈≈###)≈≈..≈≈≈≈≈≈≈≈≈≈...≈
≈≈..≈†≈≈.≈≈≈≈≈≈≈≈≈≈≈.≈≈≈
≈≈...≈≈≈≈≈≈≈≈≈≈≈≈≈≈≈≈≈≈


You could see an alligator snapping turtle, a wind drake (repels missiles), 2
manticores and 2 water elementals.

Vanquished Creatures
  Frances (D:13)
  10 nagarajas
  An orc warlord (Orc:2)
  Louise (D:14)
  Nessos (D:13)
  2 merfolk javelineers (Shoals:1)
  A merfolk impaler (Shoals:1)
  Josephine (D:10)
  4 hydras
  19 naga warriors
  4 boulder beetles
  Fannar (Orc:1)
  3 vault guards (D:13)
  5 salamander tyrants
  4 catoblepae
  3 ogre magi
  18 two-headed ogres
  4 centaur warriors
  9 anacondas
  3 death knights
  A merfolk aquamancer (Shoals:1)
  8 shock serpents
  A hell hog (Volcano)
  19 naga sharpshooters
  An iron troll (Orc:1)
  4 salamander mystics
  A fire crab (Volcano)
  8 skeletal warriors
  11 sea snakes
  A deep troll (Orc:2)
  The ghost of p0werm0de the Chopper, a novice DDFi (D:6)
  Pikel (D:8)
  A wizard (D:14)
  11 naga ritualists
  A necromancer (D:15)
  A phantasmal warrior (D:15)
  14 harpies
  3 lindwurms
  2 orc knights
  7 cyclopes
  14 mana vipers
  5 ugly things
  A deep elf pyromancer (D:14)
  2 orc sorcerers
  7 manticores
  19 salamanders
  A tengu skeleton (D:15)
  An oklob plant (Lair:3)
  3 elephants (Lair:6)
  3 water nymphs (Shoals:1)
  2 guardian serpents (Snake:4)
  3 merfolk sirens (Shoals:1)
  Maurice (D:13)
  38 black mambas
  A gargoyle (D:14)
  6 naga magi
  A molten gargoyle (Volcano)
  10 cane toads
  3 unseen horrors
  8 komodo dragons
  A rime drake (Lair:4)
  A komodo dragon (shapeshifter) (D:14)
  A freezing wraith (D:13)
  2 efreet
  14 trolls
  7 merfolk (Shoals:1)
  8 polar bears
  A polar bear (shapeshifter) (D:14)
  3 wind drakes
  12 blink frogs
  A deep troll zombie (D:15)
  3 hornets
  4 slime creatures (D:12)
  A raiju (shapeshifter) (D:15)
  17 dream sheep
  An ice dragon zombie (D:15)
  A snapping turtle (Shoals:1)
  A spriggan (shapeshifter) (D:15)
  12 spriggans (Lair:6)
  5 wraiths
  A deep troll skeleton (D:15)
  4 wyverns
  3 water elementals (Shoals:1)
  15 yaks
  A shadow (D:11)
  7 humans (D:13)
  11 fire bats (Volcano)
  3 basilisks
  Grum (D:8)
  4 steam dragons
  16 vampire mosquitoes
  64 nagas
  4 wargs (Orc:2)
  4 acid dragons
  17 water moccasins
  A hell hound (Volcano)
  A hornet zombie (D:8)
  17 orc warriors
  A sky beast (D:7)
  5 black bears
  3 necrophages
  26 ogres
  5 boggarts (Lair:6)
  40 wolves
  8 centaurs
  2 lemures (D:8)
  2 phantoms
  17 bullfrogs
  Blork the orc (D:6)
  2 gnoll sergeants
  A scorpion (D:4)
  A water moccasin skeleton (D:6)
  A hornet simulacrum (D:15)
  A wyvern skeleton (D:4)
  15 killer bees
  7 howler monkeys
  7 lava snakes (Volcano)
  8 electric eels
  A bullfrog zombie (D:5)
  A centaur zombie (D:7)
  11 hounds
  2 jellies
  11 orc priests
  15 orc wizards
  Jessica (D:3)
  An iguana (D:3)
  A howler monkey zombie (D:8)
  9 gnolls
  4 adders
  A shadow imp (D:6)
  3 worms
  A dart slug (D:4)
  49 orcs
  9 endoplasms
  3 giant cockroaches
  21 goblins
  11 hobgoblins
  8 jackals
  A quokka (D:1)
  2 ball pythons (D:3)
  3 bats
  12 kobolds
  2 rats
927 creatures vanquished.

Vanquished Creatures (collateral kills)
  A naga warrior (Snake:4)
  A naga (Snake:4)
2 creatures vanquished.

Vanquished Creatures (others)
  2 humans
  27 fungi
  60 plants
  8 withered plants (D:15)
97 creatures vanquished.

Grand Total: 1026 creatures vanquished

Notes
Turn   | Place    | Note
-------+----------+-------------------------------------------
     0 | D:1      | wakim the Minotaur Fighter began the quest for the Orb.
     0 | D:1      | Reached XP level 1. HP: 19/19 MP: 0/0
   243 | D:1      | Reached XP level 2. HP: 27/27 MP: 1/1
   886 | D:2      | Reached XP level 3. HP: 33/33 MP: 2/2
  1030 | D:2      | Found a faded altar of an unknown god.
  1038 | D:2      | Became a worshipper of Elyvilon the Healer
  1038 | D:2      | Reached * piety under Elyvilon
  1873 | D:2      | Noticed a black bear
  1883 | D:2      | Killed a black bear
  1884 | D:2      | Reached skill level 5 in Armour
  1884 | D:2      | Reached skill level 1 in Invocations
  1884 | D:2      | Reached XP level 4. HP: 17/40 MP: 3/3
  1884 | D:2      | Reached XP level 5. HP: 19/46 MP: 4/4
  2088 | D:2      | Found Kour's Magic Scroll Boutique.
  2216 | D:3      | Noticed Jessica
  2225 | D:3      | Killed Jessica
  2232 | D:3      | Reached ** piety under Elyvilon
  3088 | D:3      | Noticed an ogre
  3112 | D:3      | Killed an ogre
  3113 | D:3      | Reached XP level 6. HP: 15/53 MP: 4/6
  3582 | D:2      | Bought a scroll of enchant armour for 75 gold pieces
  3582 | D:2      | Bought a scroll of enchant weapon for 75 gold pieces
  3784 | D:4      | Reached skill level 5 in Maces & Flails
  3784 | D:4      | Reached skill level 5 in Shields
  4002 | D:4      | Reached *** piety under Elyvilon
  4024 | D:4      | Reached skill level 5 in Fighting
  4024 | D:4      | Reached XP level 7. HP: 59/61 MP: 7/7
  4085 | D:4      | Found a staircase to the Ecumenical Temple.
  4108 | Temple   | Entered the Ecumenical Temple
  4213 | Temple   | Fell from the grace of Elyvilon
  4213 | Temple   | Became a worshipper of the Shining One
  4213 | Temple   | Reached * piety under the Shining One
  4494 | D:4      | Found an ornate altar of the Wu Jian Council.
  4728 | D:5      | Entered Level 5 of the Dungeon
  5318 | D:6      | Found a runed translucent door.
  5380 | D:6      | Reached XP level 8. HP: 65/69 MP: 7/9
  5410 | D:6      | Reached skill level 1 in Throwing
  5448 | D:6      | Noticed Blork the orc
  5459 | D:6      | Killed Blork the orc
  5769 | D:6      | Noticed p0werm0de's ghost (novice DDFi)
  5915 | D:6      | Reached ** piety under the Shining One
  5973 | D:6      | Found Narioc's Antique Armour Boutique.
  6083 | D:6      | Bought a pair of slimy gloves for 190 gold pieces
  6083 | D:6      | Identified the +0 pair of gloves of Indomitability {rCorr}
                  | (You bought it in a shop on level 6 of the Dungeon)
  6563 | D:7      | Found a sparkling altar of Nemelex Xobeh.
  6568 | D:7      | Found a sacrificial altar of Ru.
  6573 | D:7      | Found a shimmering altar of Xom.
  6574 | D:7      | Found a snail-covered altar of Cheibriados.
  6627 | D:7      | Reached XP level 9. HP: 73/75 MP: 10/10
  7508 | D:8      | Noticed Grum
  7534 | D:8      | Killed Grum
  7885 | D:8      | Noticed a troll
  7908 | D:8      | Killed a troll
  8567 | D:8      | Found a staircase to the Lair.
  9148 | D:8      | Reached XP level 10. HP: 82/86 MP: 12/12
  9659 | D:8      | Noticed Pikel
  9673 | D:8      | Killed Pikel
  9977 | D:9      | Noticed a two-headed ogre
  9988 | D:9      | Killed a two-headed ogre
 10143 | D:9      | Reached skill level 5 in Invocations
 10152 | D:9      | Reached skill level 10 in Armour
 10312 | D:9      | Found a hide-covered altar of Uskayaw.
 10314 | D:9      | Noticed a +0 hand axe
 10314 | D:9      | Noticed a +0 dagger
 10958 | D:6      | Bought a runed chain mail for 150 gold pieces
 11087 | D:10     | Entered Level 10 of the Dungeon
 11576 | D:10     | Reached skill level 10 in Maces & Flails
 11576 | D:10     | Reached skill level 10 in Shields
 11581 | D:10     | Reached *** piety under the Shining One
 11818 | D:10     | Noticed a two-headed ogre
 11914 | D:9      | Killed a two-headed ogre
 11915 | D:9      | Reached XP level 11. HP: 91/94 MP: 14/14
 12519 | D:11     | Noticed Josephine
 12548 | D:10     | Killed Josephine
 12549 | D:10     | Reached skill level 5 in Throwing
 12762 | D:11     | Noticed a cyan ugly thing
 13666 | D:11     | Noticed a catoblepas
 13677 | D:11     | Killed a catoblepas
 14117 | D:11     | Noticed a boulder beetle
 14133 | D:11     | Killed a boulder beetle
 14346 | D:10     | Killed a cyan ugly thing
 14565 | Lair:1   | Entered Level 1 of the Lair of Beasts
 14892 | Lair:1   | Reached skill level 1 in Dodging
 15090 | Lair:1   | Noticed a seven-headed hydra
 15115 | Lair:1   | Killed a seven-headed hydra
 16062 | Lair:2   | Noticed a catoblepas
 16093 | Lair:2   | Killed a catoblepas
 16094 | Lair:2   | Reached XP level 12. HP: 79/103 MP: 12/15
 17304 | Lair:2   | Identified the +9 war axe "Ivvinyas" {elec, Will+}
 17428 | Lair:3   | Found a hide-covered altar of Uskayaw.
 17496 | Lair:3   | Found a dark tunnel.
 17517 | Volcano  | Entered a volcano
 17854 | Volcano  | Reached **** piety under the Shining One
 17888 | Volcano  | Found a bloodstained altar of Trog.
 17888 | Volcano  | Noticed a hell hog
 17916 | Volcano  | Killed a hell hog
 17968 | Volcano  | Identified the amulet "Roicavy" {Faith rF+}
 18133 | Lair:3   | Found a staircase to the Shoals.
 18725 | Lair:3   | Found a staircase to the Snake Pit.
 18801 | Lair:3   | Noticed a six-headed hydra
 18909 | Lair:3   | Killed a six-headed hydra
 19361 | Lair:3   | Reached XP level 13. HP: 78/113 MP: 17/17
 20643 | Lair:4   | Reached skill level 10 in Fighting
 21334 | Lair:5   | Reached skill level 5 in Dodging
 21791 | Lair:5   | Found a runed translucent door.
 22027 | Lair:5   | Noticed Armakuni's ghost (journeyman HuWn)
 22227 | D:6      | Killed p0werm0de's ghost
 22453 | Lair:6   | Entered Level 6 of the Lair of Beasts
 22830 | Lair:6   | Found a staircase to the Slime Pits.
 22830 | Lair:6   | Found a viscous altar of Jiyva.
 24036 | Lair:6   | Identified the +7 quarterstaff "Murmur" {venom, Will+
                  | Int+4}
 24036 | Lair:6   | Reached ***** piety under the Shining One
 24116 | Lair:6   | Reached XP level 14. HP: 41/122 MP: 19/19
 25693 | D:12     | Found a staircase to the Orcish Mines.
 27240 | D:13     | Noticed Frances
 27694 | D:13     | Killed Frances
 27911 | D:13     | Noticed Maurice
 27923 | D:13     | Killed Maurice
 28443 | D:13     | Noticed Nessos
 29111 | D:13     | Killed Nessos
 29112 | D:13     | Reached skill level 15 in Armour
 29113 | D:13     | Found Mote's Magic Scroll Emporium.
 29574 | D:13     | Identified the +7 rapier "Ahoechuo" {vorpal, rF+ rCorr
                  | Dex+2}
 29602 | D:13     | Bought a scroll of magic mapping for 56 gold pieces
 29602 | D:13     | Bought a scroll of identify for 32 gold pieces
 29602 | D:13     | Bought a scroll of identify for 32 gold pieces
 29602 | D:13     | Bought a scroll of identify for 32 gold pieces
 29604 | D:13     | Identified 2 scrolls of acquirement
 29812 | D:13     | Reached ****** piety under the Shining One
 29877 | D:13     | Reached skill level 15 in Shields
 30034 | D:13     | Found a gate to the Vaults.
 31245 | D:13     | Acquired a +0 eveningstar of venom
 31526 | D:14     | Noticed Louise
 31550 | D:14     | Killed Louise
 31919 | D:14     | Reached XP level 15. HP: 111/130 MP: 20/20
 32885 | D:15     | Entered Level 15 of the Dungeon
 32893 | D:15     | Found a sacrificial altar of Ru.
 33808 | D:15     | Found a staircase to the Depths.
 34392 | Orc:1    | Entered Level 1 of the Orcish Mines
 35006 | Orc:1    | Noticed Fannar
 35023 | Orc:1    | Killed Fannar
 35064 | Orc:2    | Entered Level 2 of the Orcish Mines
 35064 | Orc:2    | Found Istaoror's Magic Scroll Shoppe.
 35087 | Orc:2    | Found a transporter.
 35108 | Orc:1    | Acquired a ring of the Octopus King {rF+ AC+1 EV+1 Str+1
                  | Int+1 Dex+1}
 35109 | Orc:1    | Found the ring of the Octopus King {rF+ AC+1 EV+1 Str+1
                  | Int+1 Dex+1}
 35147 | Orc:2    | Found a transporter.
 35150 | Orc:2    | Noticed Buofuont's ghost (journeyman DsWn)
 35239 | Orc:1    | Paralysed by an orc sorcerer for 6 turns
 35619 | Orc:2    | Found Ceege's Magic Scroll Shop.
 36708 | Orc:2    | Reached skill level 10 in Invocations
 36717 | Orc:2    | Found Futa's Assorted Antiques.
 36726 | Orc:2    | Found Plog's Distillery.
 36728 | Orc:2    | Bought a bound lapis lazuli ring for 155 gold pieces
 36728 | Orc:2    | Identified the ring "Seaghup" {Fire Fly} (You bought it in
                  | a shop on level 2 of the Orcish Mines)
 36738 | Orc:2    | Found Osinumof's Antique Armour Boutique.
 36748 | Orc:2    | Bought an embroidered hat for 175 gold pieces
 36753 | Orc:2    | Bought a pair of glowing gloves for 187 gold pieces
 36789 | Orc:2    | Found a bloodstained altar of Trog.
 36804 | Orc:2    | Noticed an orc warlord
 36843 | Orc:2    | Killed an orc warlord
 37158 | Orc:2    | Found a staircase to the Elven Halls.
 37367 | Shoals:1 | Entered Level 1 of the Shoals
 38744 | Shoals:1 | Reached XP level 16. HP: 92/141 MP: 22/22
 39470 | Snake:1  | Entered Level 1 of the Snake Pit
 39953 | Orc:2    | Bought a scroll of brand weapon for 300 gold pieces
 39953 | Orc:2    | Bought a scroll of acquirement for 780 gold pieces
 39953 | Orc:2    | Acquired the ring of the Empty Page {rC+ EV+4}
 40459 | Snake:1  | Reached skill level 10 in Throwing
 40814 | Snake:1  | Found Nerch's Jewellery Shoppe.
 42391 | Snake:2  | Found a transporter.
 42436 | Snake:2  | Found a transporter.
 42996 | Snake:2  | Found Agyavihu's Jewellery Boutique.
 45150 | Snake:3  | Reached skill level 15 in Maces & Flails
 45504 | Snake:3  | Acquired a +1 pair of boots of flying
 45908 | Snake:3  | Reached XP level 17. HP: 150/150 MP: 24/24
 46124 | Snake:4  | Entered Level 4 of the Snake Pit
 46230 | Snake:4  | Reached skill level 10 in Dodging
 50170 | Snake:4  | Got a serpentine rune of Zot
 51655 | Snake:4  | HP: 6/152 [naga warrior/+0 battleaxe (5)]
 52082 | Snake:4  | Reached XP level 18. HP: 159/160 MP: 25/25
 53200 | Shoals:1 | HP: 8/160 [water elemental (5)]
 53201 | Shoals:1 | Slain by a water elemental

Illustrated notes

Levels and vault maps discovered:
D:1:      dpeg_arrival_fog, layout_loops_cross, feat_on_display
D:2:      layout_loops_cross, chequers_ecumenical_altar_simple, serial_shops,
          nicolae_shop_behind_doors, kennysheep_cross_room
D:3:      layout_basic, minmay_ogre_servants, uniq_jessica
D:4:      layout_basic, lemuel_coloured_pillars_altar,
          minmay_temple_entry_statues, minmay_goblin_outpost
D:5:      layout_cave_pools
D:6:      layout_rooms, ebering_ghost_reflecting_pool, serial_shops,
          nicolae_shop_trees, uniq_blork_the_orc
D:7:      layout_rooms, grunt_temple_overflow_open, eino_jars
D:8:      layout_basic, erik_lair_island, uniq_pikel, uniq_grum
D:9:      layout_long_grid, dancing_weapons_uskayaw, serial_co_window_serial,
          co_window_paths_a, co_window_paths_a, co_window_of_opportunity_a,
          co_window_of_opportunity_a, co_window_corner_a, co_window_corner_a,
          co_window_of_opportunity_b, co_window_broadway_a, co_window_corner_ca,
          co_window_broadway_b, glass_columns_a
D:10:     layout_basic
D:11:     layout_gridville, uniq_josephine
D:12:     layout_loops_ring, orc_0_dummy
D:13:     layout_big_octagon, ximxim_vaults_locker_room, serial_shops, shop,
          uniq_nessos, uniq_maurice, uniq_frances
D:14:     kennysheep_spiral_hall, layout_small_grid, minmay_misc_feat_rows,
          uniq_louise
D:15:     gammafunk_depths_entry_grave, layout_loops_ring,
          minmay_stone_trees_small, minmay_splitting_lines,
          nicolae_ru_sacrificial_ziggurat
Temple:   compressed_dpeg_circular_temple
Lair:1:   layout_gridlike
Lair:2:   layout_roguey, hangedman_lair_unloving_vines
Lair:3:   layout_small_grid, minmay_shoals_entry_beasts,
          guppyfry_snake_entry_island, enter_volcano_1, basic_altar,
          minmay_holes, minmay_lair_oklob_items, infiniplex_staircase_pool
Lair:4:   layout_layer_cave, grunt_forest_large_clearing_hut
Lair:5:   layout_loops_ring, ebering_ghost_reflecting_pool, beast_lair_carwin_3,
          serial_bayou_shore_a
Lair:6:   minmay_lair_end_enchanted_forest, layout_concentric_octagons,
          slime_altar_1
Shoals:1: layout_shoals
Snake:1:  layout_gridlike, drop_trap, grunt_ministairs_3,
          hangedman_snake_thin_pillar_pass, abandoned_shop, st_stairs_14,
          minmay_shop_enchanted_jewellery
Snake:2:  gammafunk_the_bubble [the_bubble_gammafunk_plus_minus],
          layout_grid_maze, serial_shops, nicolae_shop_statue_plus
Snake:3:  layout_cave_shapes, serial_bayou_lagoon_b, lemuel_fruit_tree
Snake:4:  grunt_snake_rune_spirals, layout_onion_interference, special_room
Orc:1:    layout_caves, mines1_david, uniq_fannar
Orc:2:    st_orc_open, layout_diamond_mine, serial_shops, nicolae_shop_crystal,
          gammafunk_ghost_wrathful_warriors

Skill      XL: |  1  2  3  4  5  6  7  8  9 10 11 12 13 14 15 16 17 |
---------------+----------------------------------------------------+-----
Armour         | 4 5 6 8 9 10 11 12 14 15 16 17 | 17.3
Maces & Flails | 3 4 5 6 7 8 10 11 12 13 15 16 | 16.0
Fighting       | 4 5 6 7 8 9 10 11 12 13 14 | 14.2
Shields        | 4 5 6 7 8 10 11 12 14 15 16 17 | 17.3
Invocations    | 1 2 3 4 5 6 7 8 9 10 11 | 11.9
Throwing       | 2 3 4 5 6 7 8 9 10 11 | 11.6
Dodging        | 1 4 5 7 8 9 11 | 11.2

Action                   |  1- 3 |  4- 6 |  7- 9 | 10-12 | 13-15 | 16-18 || total
-------------------------+-------+-------+-------+-------+-------+-------++-------
Melee: Flail             |    95 |   119 |   300 |       |       |       ||   514
       Headbutt          |    12 |    24 |    62 |   129 |   347 |   263 ||   837
       Whip              |       |       |       |   624 |   946 |       ||  1570
       Morningstar       |       |       |       |    30 |    15 |       ||    45
       Eveningstar       |       |       |       |       |   510 |  1167 ||  1677
Throw: Boomerang         |       |       |    42 |    17 |    26 |   191 ||   276
       Dart              |       |       |     5 |     8 |    16 |       ||    29
Invok: Divine Shield     |       |       |     2 |     2 |       |       ||     4
       Summon Divine War |       |       |       |       |     1 |     1 ||     2
       Cleansing Flame   |       |       |       |       |     1 |       ||     1
  Use: Scroll            |       |     5 |     6 |     8 |    15 |     5 ||    39
       Potion            |       |       |     1 |       |     1 |     5 ||     7
Armor: Scale mail        |    53 |     7 |       |       |       |       ||    60
       Chain mail        |       |    51 |   182 |   203 |   388 |   100 ||   924
       Plate armour      |       |       |       |       |       |   215 ||   215
Dodge: Dodged            |    27 |    22 |   101 |   130 |   371 |   287 ||   938
Block: Kite shield       |    57 |    59 |   251 |   302 |   740 |       ||  1409
       Tower shield      |       |       |       |       |   159 |  1432 ||  1591

Table legend: (Time is in decaauts)
 A = Elapsed time spent in this place.
 B = Non-inter-level travel time spent in this place.
 C = Inter-level travel time spent in this place.
 D = Time resting spent in this place.
 E = Time spent auto-exploring this place.
 F = Levels seen in this place.
 G = Mean time per level.
                   A        B        C        D        E       F      G
               +--------+--------+--------+--------+--------+-----+--------+
         Total |  52675 |  48645 |   4030 |  11105 |  29005 |  30 | 1755.8 |
       Dungeon |  25014 |  22728 |   2286 |   5665 |  13588 |  15 | 1667.6 |
        Temple |    115 |    108 |      7 |      0 |     72 |   1 |  115.0 |
          Lair |  11116 |  10043 |   1073 |   1786 |   6934 |   6 | 1852.7 |
        Shoals |    830 |    828 |      2 |      0 |    483 |   1 |  830.0 |
     Snake Pit |  12649 |  12139 |    510 |   3069 |   6492 |   4 | 3162.2 |
  Orcish Mines |   2511 |   2360 |    151 |    584 |   1202 |   2 | 1255.5 |
       Volcano |    437 |    437 |      0 |      0 |    233 |   1 |  437.0 |
               +--------+--------+--------+--------+--------+-----+--------+

Top non-repeatable levels by time:
 Snake:4: 6246 daAuts
    D:13: 3608 daAuts
    D:12: 3231 daAuts
  Lair:3: 3149 daAuts
     D:8: 2520 daAuts
 Snake:1: 2367 daAuts
 Snake:3: 2207 daAuts
  Lair:6: 1996 daAuts
    D:10: 1960 daAuts
    D:11: 1871 daAuts
 Snake:2: 1827 daAuts
     D:2: 1807 daAuts
  Lair:2: 1782 daAuts
  Lair:5: 1602 daAuts
     D:9: 1489 daAuts
